 Dungeon Crawl Stone Soup version 0.19.5 (webtiles) character file.

1141 Peloso the Slasher (level 8, -1/69 HPs)
             Began as a Minotaur Fighter on Mar 25, 2017.
             Was a Follower of Okawaru.
             Killed from afar by Reinor's ghost (21 damage)
             ... with a bolt of lightning
             ... on level 5 of the Dungeon.
             The game lasted 00:10:55 (3618 turns).

Peloso the Slasher (Minotaur Fighter)               Turns: 3618, Time: 00:10:56

Health: -1/69      AC: 11    Str: 20    XL:     8   Next: 14%
Magic:  7/7        EV:  7    Int:  5    God:    Okawaru [*.....]
Gold:   216        SH: 10    Dex: 13    Spells: 0 memorised, 7 levels left

rFire  . . .     SeeInvis +     a - +0 long sword
rCold  . . .     Gourm    .     o - +0 chain mail
rNeg   . . .     Faith    .     c - +0 shield
rPois  +         Spirit   .     (helmet restricted)
rElec  .         Reflect  .     (no cloak)
rCorr  .         Harm     .     g - +0 pair of gloves
MR     .....                    (no boots)
Stlth  ..........               A - amulet of magic regeneration
                                t - ring of see invisible
                                i - ring of poison resistance

@: no status effects
A: retaliatory headbutt, horns 2
a: Heroism, Renounce Religion


You were on level 5 of the Dungeon.
You worshipped Okawaru.
Okawaru was aware of your devotion.
You were not hungry.

You visited 2 branches of the dungeon, and saw 6 of its levels.

You collected 216 gold pieces.

Inventory:

Hand Weapons
 a - a +0 long sword (weapon)
 e - a +1 short sword of electrocution
 n - a +2 vampiric hand axe
 s - a cursed -2 short sword
Armour
 b - a +0 scale mail
 c - a +0 shield (worn)
 g - a +0 pair of gloves (worn)
 o - a +0 chain mail (worn)
Jewellery
 i - a ring of poison resistance (left hand)
 t - a ring of see invisible (right hand)
 A - an amulet of magic regeneration (around neck)
 F - an uncursed ring of stealth
Wands
 u - a wand of lightning (10/15)
 G - a wand of teleportation (6/9)
Scrolls
 h - a scroll of recharging
 j - 2 scrolls of amnesia {unknown}
 k - a scroll of immolation {unknown}
 l - 2 scrolls of remove curse {unknown}
 r - 3 scrolls of fog {unknown}
 w - 2 scrolls of noise {unknown}
 x - a scroll of blinking {unknown}
 y - a scroll of teleportation {unknown}
 B - 3 scrolls of identify {unknown}
Potions
 m - 2 potions of magic {unknown}
 q - 2 potions of flight {unknown}
 z - a potion of heal wounds {unknown}
 C - 3 potions of haste {unknown}
 D - a potion of resistance {unknown}
Comestibles
 d - 4 chunks of flesh
 f - 6 bread rations
 p - a slice of pizza
 v - 2 meat rations
 E - a beef jerky


   Skills:
 + Level 5.5 Fighting
 + Level 7.4 Long Blades
 + Level 5.9 Armour
 + Level 1.9 Dodging
 + Level 1.0 Stealth
 + Level 6.9 Shields


You had 7 spell levels left.
You didn't know any spells.

Dungeon Overview and Level Annotations

Branches:
Dungeon (5/15)             Temple (1/1) D:4

Altars:
Cheibriados
Dithmenos
Fedhas
Gozag
Hepliaklqana
Nemelex Xobeh
Okawaru
Qazlal
Sif Muna
Trog
Uskayaw
Vehumet
Xom
Yredelemnul
Zin
The Shining One

Annotations:
D:5 Edmund; Reinor's ghost, novice TeAE


Innate Abilities, Weirdness & Mutations

You reflexively headbutt those who attack you in melee.
You have a pair of horns on your head.


Message History

Edmund says, "You wouldn't believe how much I paid for this flail."
Reinor's ghost casts a spell at you. The zap hits you!
* * * LOW HITPOINT WARNING * * *
The zap hits the plant. x2; The zap hits you!
* * * LOW HITPOINT WARNING * * *
Reinor's ghost gestures wildly while chanting.
Reinor's ghost begins repelling missiles!
Something hits the plant.
You hit the plant.
The plant is lightly damaged.
Reinor's ghost casts a spell at you. The bolt of lightning misses you.
The tree burns like a torch!
The plant is engulfed in roaring flames.
An iguana comes into view.
The iguana hisses angrily.
The plant is engulfed in roaring flames.
Reinor's ghost casts a spell at you.
The bolt of lightning hits the plant.
The bolt of lightning hits you!
You die...

#.#.#.### ##
#...#.#....
######.#.#.####
#......#.#.....
#.######...l. . #.#
#....P♣♣##.### ##
#.####.♣..P♣♣§....# .
#.##.....♣♣§§♣....#.#
#.#P.P♣♣@.P§§P.#..#.#
#..P.♣♣♣.♣.PP♣♣.#....
#...P♣♣.P..P.♣♣...#
#.♣♣♣.♣PW...♣♣PP..#
...♣♣...@....)))...#
#.##♣♣.PP.♣.)...P♣♣♣.#
# #.PP..♣P()..P..♣ .#
#P§♣♣P.))♣..♣♣♣♣ .#
#♣♣ ♣.(..).♣♣ .#


You could see Edmund, an iguana and Reinor's ghost.

Vanquished Creatures
  Sigmund (D:5)
  A centaur (D:5)
  2 ogres (D:4)
  2 scorpions
  A vampire bat (D:4)
  A bullfrog zombie (D:3)
  2 orc priests
  3 orc wizards
  A bullfrog skeleton (D:4)
  An iguana (D:4)
  2 worker ants (D:5)
  Robin (D:3)
  8 adders
  2 river rats (D:5)
  3 worms
  A dart slug (D:2)
  3 fire bats (D:4)
  3 leopard geckos
  16 orcs
  2 spectral bats (D:4)
  2 ball pythons
  3 bat skeletons (D:4)
  A bat zombie (D:4)
  7 giant cockroaches
  18 goblins
  12 hobgoblins
  10 jackals
  10 kobolds
  2 quokkas
  22 bats
  A bat simulacrum (D:4)
  4 frilled lizards
  2 rats
  A plant (D:5)
151 creatures vanquished.

Vanquished Creatures (others)
  An orc (D:5)
1 creature vanquished.

Grand Total: 152 creatures vanquished

Notes
Turn   | Place    | Note
-------+----------+-------------------------------------------
     0 | D:1      | Peloso the Minotaur Fighter began the quest for the Orb.
     0 | D:1      | Reached XP level 1. HP: 19/19 MP: 0/0
   159 | D:1      | Reached XP level 2. HP: 27/27 MP: 1/1
   380 | D:1      | Reached XP level 3. HP: 27/33 MP: 2/2
   721 | D:2      | Reached skill level 3 in Long Blades
  1191 | D:2      | Reached XP level 4. HP: 40/40 MP: 3/3
  1200 | D:2      | Found an opulent altar of Gozag.
  1200 | D:2      | Found a faded altar of an unknown god.
  1207 | D:2      | Found a faded altar of an unknown god.
  1209 | D:2      | Found a blossoming altar of Fedhas.
  1211 | D:2      | Found a faded altar of an unknown god.
  1522 | D:3      | Found a hide-covered altar of Uskayaw.
  1741 | D:3      | Found a hazy altar of Hepliaklqana.
  1779 | D:3      | Found a shimmering altar of Xom.
  1788 | D:3      | Reached skill level 1 in Dodging
  1805 | D:3      | Reached skill level 4 in Long Blades
  1875 | D:3      | Noticed Robin
  1891 | D:3      | Killed Robin
  1891 | D:3      | Reached XP level 5. HP: 45/46 MP: 4/4
  2000 | D:3      | Found a shadowy altar of Dithmenos.
  2013 | D:3      | Reached skill level 5 in Shields
  2131 | D:3      | Found a radiant altar of Vehumet.
  2264 | D:4      | Noticed an ogre
  2274 | D:4      | Killed an ogre
  2274 | D:4      | Reached skill level 5 in Long Blades
  2274 | D:4      | Reached XP level 6. HP: 14/53 MP: 5/5
  2572 | D:4      | Reached skill level 6 in Long Blades
  2572 | D:4      | Reached skill level 5 in Armour
  2572 | D:4      | Reached XP level 7. HP: 40/60 MP: 6/6
  2797 | D:4      | Reached skill level 5 in Fighting
  3076 | D:4      | Found a staircase to the Ecumenical Temple.
  3081 | Temple   | Entered the Ecumenical Temple
  3184 | Temple   | Became a worshipper of Warmaster Okawaru
  3312 | D:5      | Entered Level 5 of the Dungeon
  3396 | D:5      | Found a shimmering altar of Xom.
  3554 | D:5      | Reached * piety under Okawaru
  3554 | D:5      | Reached skill level 7 in Long Blades
  3562 | D:5      | Noticed Sigmund
  3577 | D:5      | Killed Sigmund
  3577 | D:5      | Reached skill level 1 in Stealth
  3577 | D:5      | Reached XP level 8. HP: 30/69 MP: 7/7
  3585 | D:5      | Noticed Reinor's ghost (novice TeAE)
  3608 | D:5      | Noticed Edmund
  3618 | D:5      | Killed from afar by Reinor's ghost

Skill      XL: |  1  2  3  4  5  6  7 |
---------------+----------------------+-----
Armour         | 4 5 |  5.9
Fighting       | 4 5 |  5.5
Long Blades    | 3 4 5 6 7 |  7.4
Shields        | 4 5 6 |  6.9
Dodging        | 1 |  1.9
Stealth        | 1 |  1.0

Action                   |  1- 3 |  4- 6 |  7- 9 || total
-------------------------+-------+-------+-------++-------
Melee: Long sword        |    98 |   146 |   122 ||   366
       Headbutt          |    18 |    23 |    26 ||    67
Evoke: Wand              |       |       |     2 ||     2
  Use: Potion            |       |     1 |       ||     1
       Scroll            |       |       |     1 ||     1
  Eat: Chunk             |     1 |     5 |     3 ||     9
Armor: Scale mail        |    39 |       |       ||    39
       Chain mail        |    16 |   117 |    86 ||   219
Dodge: Dodged            |    27 |    57 |    47 ||   131
Block: Shield            |    59 |   123 |   111 ||   293
       Rpst.: Long sword |     8 |    13 |    15 ||    36
